cohdb
Replays
Latest Replays
All Replays
Popular Replays
Top Player Replays
Match Explorer
How It Works
Community
CoH3 Stats
Reddit
Sign in to upload your games and track your stats! →
Sign in with Steam
Match 38039569
Unlisted
Match 38039569
Overview
Messages
Build Orders
End
Panzergrenadier Squad
250 Light Carrier
Panzergrenadier Squad
Construct Light Support Kompanie
Assault Grenadier Squad
Selects Italian Infantry
Selects Italian Infantry
Assault Grenadier Squad
Panzerpioneer Squad
Fire Support Elements
Selects Guastatori Squad
2.5-tonne Medical Truck
Construct Mechanized Kompanie
Marder III Tank Destroyer
Selects Registered Artillery
Veteran Squad Leaders
8 Rad Armored Car
Marder III Tank Destroyer
Vehicle Survival Package
Combat Half-tracks
Selects Towed Cannone da 105/28 Field Howitzer
Emergency Repair Kits
8 Rad Armored Car
8 Rad Armored Car
Tungsten Core Ammunition
8 Rad Armored Car
TheGrandFromage
VndctL
STALKER4732
Devochkin
0
0
Comments
sign in to comment!
No comments posted yet!